Map: Kairos Junction LE

Players

MiMo - Winner!

  • Race: Terran Terran
  • League: Platinum
  • Spawn Location: 5:00

Yocto

  • Race: Zerg Zerg
  • Spawn Location: 11:00

VOD

Have the link to the VOD?

Description

Time

  • Played on: Dec. 18, 2018, 9:16 a.m.
  • Length: 12:54
Show
View Real Time Build Order
Export as new Build Order

MiMo Terran - Winner!

Build Orders: Liberator Opening, Reaper Expand 

Get SALT Encoding   

  12  0:00  SCV  
  13  0:13  SCV  
  14  0:18  Supply Depot  
  14  0:25  SCV  
  15  0:40  SCV  
  15  0:41  Barracks  
  16  0:45  Refinery  
  16  0:52  SCV  
  17  1:06  SCV  
  19  1:18  SCV  
  19  1:30  Orbital Command  
  19  1:32  Reaper  
  20  1:53  Supply Depot  
  20  1:57  Command Center  
  20  2:04  SCV  
  21  2:13  Factory  
  21  2:16  SCV  
  22  2:25  Refinery  
  22  2:27  Marine  
  22  2:28  SCV  
  24  3:07  SCV  
  24  3:13  Starport  
  24  3:15  Orbital Command  
  24  3:18  Bunker  
  24  3:19  SCV  
  25  3:21  Marine  
  25  3:23  Factory Tech Lab  
  26  3:28  Barracks  
  26  3:32  SCV  
  26  3:33  Liberator  
  27  3:43  Barracks  
  27  3:44  SCV  
  31  3:58  SCV  
  31  3:59  SCV  
  33  4:10  SCV  
  33  4:13  SCV  
  33  4:16  Supply Depot  
  35  4:18  Siege Tank  
  35  4:23  SCV  
  39  4:26  Starport  
  39  4:27  Barracks Tech Lab  
  39  4:35  SCV  
  39  4:36  Barracks Reactor  
  40  4:41  Refinery  
  40  4:43  Supply Depot  
  40  4:48  SCV  
  40  4:49  SCV  
  40  4:50  Siege Tank  
  45  5:00  SCV  
  45  5:01  SCV  
  45  5:06  Supply Depot  
  47  5:13  SCV x2  
  49  5:25  SCV x2  
  51  5:28  Supply Depot  
  51  5:35  Liberator  
  51  5:38  Marine x4, Stimpack  
  51  5:41  Siege Tank  
  51  5:42  SCV  
  59  5:47  SCV  
  57  5:53  Starport Tech Lab  
  57  5:54  SCV  
  57  5:56  Marine x3  
  64  5:59  SCV  
  65  6:05  Refinery  
  65  6:11  SCV x2  
  67  6:21  Fusion Core  
  67  6:22  Marine x3, Marauder  
  67  6:23  SCV  
  73  6:32  Supply Depot  
  73  6:35  SCV  
  73  6:36  SCV  
  75  6:40  Marine x3  
  78  6:53  Command Center  
  78  6:54  SCV x2  
  78  6:55  Supply Depot  
  78  6:58  Marine x4  
  78  7:01  Siege Tank  
  86  7:16  Marine x4  
  86  7:17  SCV  
  86  7:18  Supply Depot  
  86  7:20  SCV  
  92  7:29  SCV  
  93  7:32  SCV  
  94  7:41  SCV  
  94  7:42  Marine x4  
  99  7:44  Hellion  
  91  8:00  Marine x2  
  90  8:06  Hellion  
  89  8:16  Orbital Command  
  89  8:20  Battlecruiser  
  89  8:24  Marine x4  
  99  8:27  Siege Tank  
  99  8:33  SCV  
  103  8:36  Supply Depot  
  103  8:42  Marine x3  
  103  8:45  SCV  
  107  8:55  Supply Depot  
  107  8:57  SCV  
  107  8:59  Barracks  
  107  9:00  Marine x2, Supply Depot  
  107  9:01  Barracks  
  110  9:04  Barracks  
  110  9:12  Refinery  
  113  9:17  Refinery, Engineering Bay  
  113  9:18  Supply Depot  
  113  9:26  Supply Depot  
  103  9:40  Supply Depot  
  97  9:55  SCV  
  97  9:59  Marine x2  
  99  10:00  Marine x2  
  99  10:03  Supply Depot  
  99  10:05  Missile Turret  
  102  10:07  SCV  
  102  10:11  Missile Turret  
  102  10:12  Missile Turret  
  103  10:16  Missile Turret  
  103  10:17  Marine x4  
  103  10:19  SCV  
  103  10:20  Missile Turret  
  108  10:21  SCV x2  
  108  10:22  Missile Turret  
  108  10:27  Missile Turret, Supply Depot, Terran Infantry Weapons Level 1  
  110  10:28  Combat Shield  
  110  10:31  SCV  
  110  10:33  SCV x2  
  110  10:35  Marine x2  
  115  10:36  Missile Turret  
  115  10:41  Missile Turret x2  
  115  10:44  SCV  
  115  10:45  SCV  
  115  10:46  SCV  
  118  10:50  Supply Depot  
  118  10:53  Marine x4  
  118  10:56  SCV  
  117  10:58  SCV x2  
  117  10:59  Weapon Refit  
  119  11:08  SCV  
  119  11:10  Marine, SCV x2  
  119  11:11  Marine x3  
  125  11:18  Command Center  
  126  11:20  SCV  
  126  11:22  SCV x2  
  129  11:28  Marine x2  
  129  11:29  Marine x2  
  129  11:32  SCV  
  134  11:44  SCV  
  134  11:46  Marine x3  
  138  11:47  Marauder  
  138  11:48  Armory  
  138  11:54  Engineering Bay  
  146  11:56  SCV  
  146  11:57  Marine x3  
  146  12:00  Siege Tank  
  153  12:04  Marine x3  
  158  12:08  Marauder  
  158  12:10  Starport  
  158  12:15  Marine x3  
Show
View Real Time Build Order
Export as new Build Order

Yocto Zerg 

Build Orders: Hatch First, Muta Ling Bane 

Get SALT Encoding   

  12  0:01  Drone  
  13  0:14  Overlord  
  13  0:19  Drone  
  14  0:37  Drone x3  
  17  0:58  Hatchery  
  17  1:02  Drone  
  17  1:05  Extractor  
  17  1:06  Drone  
  17  1:21  Spawning Pool  
  17  1:24  Drone  
  17  1:26  Drone  
  18  1:34  Drone  
  19  1:43  Overlord  
  19  1:55  Drone  
  20  2:10  Queen, Zergling x4  
  20  2:12  Queen  
  25  2:21  Drone  
  26  2:23  Drone  
  27  2:30  Metabolic Boost  
  27  2:32  Drone x2  
  29  2:53  Hatchery  
  29  2:57  Drone x2  
  30  3:08  Queen  
  32  3:17  Queen  
  34  3:20  Drone x2  
  36  3:27  Overlord  
  36  3:49  Drone x3  
  36  3:50  Drone x5  
  44  3:57  Overlord  
  44  4:08  Overlord, Baneling Nest  
  44  4:09  Overlord  
  43  4:14  Queen  
  43  4:17  Overlord  
  45  4:26  Drone x4  
  45  4:30  Extractor  
  48  4:42  Evolution Chamber  
  47  4:47  Evolution Chamber  
  47  4:50  Zergling x16  
  47  4:51  Zergling x8  
  53  5:07  Lair  
  52  5:28  Extractor  
  51  5:35  Drone x4  
  54  5:36  Drone x4  
  56  6:00  Drone x3  
  56  6:03  Drone x3  
  56  6:04  Extractor  
  61  6:05  Baneling x3  
  61  6:06  Baneling x3  
  61  6:22  Zerg Melee Weapons Level 1  
  61  6:24  Zerg Ground Armor Level 1  
  61  6:41  Drone x2  
  61  6:42  Drone  
  64  6:54  Drone x3  
  67  7:02  Queen  
  69  7:11  Zergling x2  
  69  7:12  Zergling x8  
  69  7:13  Overlord x2  
  69  7:14  Overlord x5  
  72  7:34  Zergling x6  
  72  7:35  Zergling x10, Spire  
  78  7:49  Zergling x2  
  78  7:50  Zergling x6  
  79  7:55  Zergling x4  
  64  8:07  Zergling x4  
  64  8:16  Hatchery  
  64  8:17  Zergling x4  
  65  8:21  Baneling x3  
  65  8:22  Baneling x2  
  65  8:23  Zergling x4  
  67  8:35  Zergling x4  
  67  8:40  Hatchery  
  68  8:44  Zergling x8  
  72  8:52  Zergling x2  
  72  8:58  Mutalisk x4  
  80  9:08  Zergling x2  
  81  9:14  Centrifical Hooks  
  81  9:30  Zergling x6  
  81  9:31  Zergling x8  
  88  9:34  Zergling x2  
  88  9:38  Zergling x2  
  70  10:08  Queen x2  
  67  10:23  Corruptor  
  67  10:24  Corruptor x2  
  67  10:25  Corruptor x2  
  67  10:26  Corruptor  
  62  11:09  Queen  
  64  11:13  Drone x6  
  64  11:14  Queen, Drone x3  
  75  11:27  Drone x4  
  79  11:34  Drone x3  
  79  11:39  Queen  
  84  11:43  Zergling x6  
  87  11:57  Extractor x2  
  85  12:10  Drone x3  
  88  12:17  Hatchery  
  87  12:23  Zergling x4  
  87  12:24  Zergling x16  
  87  12:25  Zergling x8  
  101  12:34  Zergling x10  
Tags
 
Add a new tag
Caveats
  • Supply blocks, unpowered buildings, or Contaminate may cause inaccurate times.
  • Supply counts are checked every 10 seconds.